 Dungeon Crawl Stone Soup version 0.29.1-13-g9f3cf754e1 (webtiles) character file.

Game seed: 16418226703180652847

0 xian the Stinger (level 1, 0/13 HPs)
             Began as a Demonspawn Venom Mage on Feb 11, 2023.
             Slain by a jackal (1 damage)
             ... on level 1 of the Dungeon.
             The game lasted 00:00:19 (215 turns).

xian the Stinger (Demonspawn Venom Mage)             Turns: 215, Time: 00:00:20

Health: 0/13       AC:  2    Str:  8    XL:     1   Next: 8%
Magic:  1/3        EV: 12    Int: 16    God:
Gold:   0          SH:  0    Dex: 13    Spells: 3/4 levels left

rFire   . . .      SeeInvis .   (no weapon)
rCold   . . .      Faith    .   (no shield)
rNeg    . . .      Spirit   .   a - +0 robe
rPois   .          Reflect  .   (no helmet)
rElec   .          Harm     .   (no cloak)
rCorr   .          Rampage  .   (no gloves)
Will    .....                   (no boots)
Stlth   ++........              (no amulet)
HPRegen 0.04/turn               (no ring)
MPRegen 0.08/turn               (no ring)

@: no status effects
A: no striking features
a: no special abilities


You were on level 1 of the Dungeon.
You visited 1 branch of the dungeon, and saw 1 of its levels.

Inventory:

Armour
 a - a +0 robe (worn)
Potions
 b - a potion of magic
 c - a potion of haste {unknown}


   Skills:
 + Level 1.7 Dodging
 + Level 1.7 Stealth
 + Level 2.0 Spellcasting
 + Level 0.8 Transmutations
 + Level 3.0 Poison Magic


You had 3 spell levels left.
You knew the following spells:

 Your Spells              Type           Power      Damage    Failure   Level
a - Sting                 Tmut/Pois      28%        1d4       10%         1

Your spell library contained the following spells:

 Spells                   Type           Power      Damage    Failure   Level
 Poisonous Vapours        Pois/Air       12%        N/A       17%         2
 Mephitic Cloud           Conj/Pois/Air  4%         N/A       38%         3
 Olgreb's Toxic Radiance  Pois           11%        N/A       52%         4


Dungeon Overview and Level Annotations

Branches:
Dungeon (1/15)

Altars:


Message History

You barely miss the ball python.
The ball python is moderately wounded.
You kill the ball python!
Magic restored.
HP restored.
Found two stone staircases leading down.
A jackal comes into view.
There is a stone staircase leading down here.
The sting hits the jackal.
The jackal is poisoned.
The jackal is lightly wounded.
The jackal barks!
You hear a shout!
You hear an angry hiss.
A jackal comes into view.
The sting misses the jackal.
The jackal closely misses you.
You hit the jackal but do no damage.
The jackal is moderately wounded.
The jackal closely misses you. x3
You closely miss the jackal.
The jackal looks more healthy.
The jackal bites you. The jackal closely misses you.
A kobold comes into view. It is wielding a +0 club.
The jackal barely misses you.
You closely miss the jackal. The jackal barely misses you.
The jackal bites you.
You closely miss the jackal.
The jackal bites you. x3; The jackal misses you.
The jackal attacks as you move away! The jackal barely misses you.
The jackal attacks as you move away! The jackal closely misses you.
The jackal bites you.
* * * LOW HITPOINT WARNING * * *
The jackal attacks as you move away! The jackal bites you.
* * * LOW HITPOINT WARNING * * *
You are too injured to fight recklessly!
You are too injured to fight recklessly!
You are too injured to fight recklessly!
Aiming: Sting (safe; 10% risk of failure)
Press: ? - help, Q - select action Shift-Dir - straight line, f/p - jackal
Aim: a jackal (severely wounded, 60% to hit)
The sting hits the jackal but does no damage.
The jackal is poisoned.
The jackal misses you.
You closely miss the jackal. The jackal bites you.
You die...

#### # ..# .. #.#
#.##># .# #.. #...>#
.# #.#######.# .#
#....#..K.# .#
#....#.##h#
.#######....#..h@#
..........#...####
.................#
.#####.##..#........
.# #......#.##.###
.# #.###.#...#.# .#
#.# #....## # .# #.#
#...... .. ..#
###.####


You could see 2 jackals and a kobold.

Vanquished Creatures
  A ball python (D:1)
1 creature vanquished.

Vanquished Creatures (others)
  A toadstool (D:1)
1 creature vanquished.

Grand Total: 2 creatures vanquished

Notes
Turn   | Place    | Note
-------+----------+-------------------------------------------
     0 | D:1      | xian the Demonspawn Venom Mage began the quest for the Orb.
     0 | D:1      | Reached XP level 1. HP: 13/13 MP: 3/3
   215 | D:1      | Slain by a jackal

Illustrated notes

Levels and vault maps discovered:
D:1:      ldierk_walled_garden_2, layout_loops_cross,
          hellmonk_ecumenical_altar_leap_of_faith, minmay_ruptured

Action                   || total
-------------------------++-------
Melee: Unarmed           ||     6
 Cast: Sting             ||     5
Dodge: Dodged            ||    13
